 Dungeon Crawl Stone Soup version 0.29.1-12-g30fa7ad0bf (webtiles) character file.

Game seed: 10647884234426374690

373 xzight the Shield-Bearer (level 6, -3/48 (53) HPs)
             Began as a Gnoll Fighter on Dec 29, 2022.
             Slain by a wight
             ... wielding a +0 battleaxe
              (9 damage)
             ... on level 4 of the Dungeon.
             The game lasted 00:02:54 (4308 turns).

xzight the Shield-Bearer (Gnoll Fighter)            Turns: 4308, Time: 00:02:55

HP:   -3/48 (53)    AC: 10    Str: 16    XL:     6   Next: 72%
MP:   9/9           EV:  9    Int:  9    God:
Gold: 159           SH:  5    Dex: 11    Spells: 9/9 levels left

rFire   . . .      SeeInvis .   a - +0 trident
rCold   . . .      Faith    .   c - +0 buckler
rNeg    . . .      Spirit   .   b - +0 scale mail
rPois   .          Reflect  .   m - +1 helmet
rElec   .          Harm     .   (no cloak)
rCorr   .          Rampage  .   (no gloves)
Will    .....                   (no boots)
Stlth   ..........              j - amulet of the acrobat
HPRegen 0.16/turn               (no ring)
MPRegen 0.11/turn               (no ring)

@: drained
A: fangs 1, strong nose, distributed training
a: no special abilities


You were on level 4 of the Dungeon.
You visited 2 branches of the dungeon, and saw 5 of its levels.

You collected 159 gold pieces.


Innate Abilities, Weirdness & Mutations

You have very sharp teeth.
Your uncanny sense of smell can sniff out nearby items.
Your experience applies equally to all skills.


   Skills:
 + Level 6.9 Fighting
 + Level 2.1 Short Blades
 + Level 2.1 Long Blades
 + Level 2.1 Axes
 + Level 2.1 Maces & Flails
 + Level 5.1 Polearms
 + Level 2.1 Staves
 + Level 2.1 Ranged Weapons
 + Level 2.1 Throwing
 + Level 6.9 Armour
 + Level 2.1 Dodging
 + Level 2.1 Stealth
 + Level 6.9 Shields
 + Level 2.1 Unarmed Combat
 + Level 2.1 Spellcasting
 + Level 1.7 Conjurations
 + Level 1.7 Hexes
 + Level 1.7 Summonings
 + Level 1.7 Necromancy
 + Level 1.7 Translocations
 + Level 1.7 Transmutations
 + Level 1.7 Fire Magic
 + Level 1.7 Ice Magic
 + Level 1.7 Air Magic
 + Level 1.7 Earth Magic
 + Level 1.7 Poison Magic
 + Level 2.4 Invocations
 + Level 2.1 Evocations


You had 9 spell levels left.
You didn't know any spells.
Your spell library contained the following spells:

 Spells                   Type           Power      Damage    Failure   Level
 Foxfire                  Conj/Fire      16%        2x1d4     54%         1
 Magic Dart               Conj           16%        1d3       54%         1
 Summon Small Mammal      Summ           16%        N/A       54%         1
 Searing Ray              Conj           8%         2d4       67%         2
 Call Canine Familiar     Summ           4%         N/A       88%         3
 Conjure Flame            Conj/Fire      4%         6-21      88%         3
 Inner Flame              Hex/Fire       4%         N/A       88%         3
 Summon Guardian Golem    Hex/Summ       4%         N/A       88%         3
 Flame Wave               Conj/Fire      4%         2d5       99%         4
 Fulminant Prism          Conj/Hex       2%         3d6       99%         4

Inventory:

Hand Weapons
 a - a +0 trident (weapon)
Missiles
 q - a throwing net {=f}
Armour
 b - a +0 scale mail (worn)
 c - a +0 buckler (worn)
 m - a +1 helmet (worn)
Jewellery
 j - an amulet of the acrobat (around neck)
 F - a ring of fire
Scrolls
 f - 2 scrolls of enchant weapon {unknown}
 g - a scroll of enchant armour {unknown}
 h - 2 scrolls of teleportation {unknown}
 i - 7 scrolls of identify {unknown}
 k - a scroll of blinking {unknown}
 l - 2 scrolls of brand weapon {unknown}
Potions
 d - a potion of might
 e - 3 potions of curing {unknown}
 n - a potion of attraction {unknown}
 o - a potion of heal wounds {unknown}
 p - a potion of degeneration {unknown}
 r - a potion of cancellation {unknown}

Dungeon Overview and Level Annotations

Branches:
Dungeon (4/15)             Temple (1/1) D:4

Altars:
Elyvilon
Gozag
Hepliaklqana
Kikubaaqudgha
Nemelex Xobeh
Qazlal
Ru
Yredelemnul
Zin

##########▒▒▒▒▒▒▒▒▒
..........8▒▒.▒⚑▒.▒
##########▒▒▒'▒'▒†▒+▒+▒+
# #.......'....@.......
# #......▒▒▒+▒'▒z▒+▒+▒+
# #......8▒ ▒.▒.▒ #
#......▒▒▒▒▒▒▒▒▒ #
#..........# #
#......b...# #
#..........# #
#..........#
#########~~.)♣♣♣P.


You could see a wight.


Message History

You feel drained.
* * * LOW HITPOINT WARNING * * *
You are too injured to fight recklessly!
You are too injured to fight recklessly!
You are too injured to fight recklessly!
You are too injured to fight recklessly!
You are too injured to fight recklessly!
You are too injured to fight recklessly!
You are too injured to fight recklessly!
You are too injured to fight recklessly!
You are too injured to fight recklessly!
You are too injured to fight recklessly!
You are too injured to fight recklessly!
You are too injured to fight recklessly!
You are too injured to fight recklessly!
You are too injured to fight recklessly!
You hit the wight but do no damage.
The wight is severely damaged.
The wight hits you with a +0 battleaxe.
* * * LOW HITPOINT WARNING * * *
You feel drained.
You hit the wight.
The wight is severely damaged.
The wight hits you with a +0 battleaxe!
* * * LOW HITPOINT WARNING * * *
You feel drained.
You barely miss the wight.
The wight is severely damaged.
The wight hits you with a +0 battleaxe!
You die...

Skill      XL: |  1  2  3  4  5  6 |
---------------+-------------------+-----
Invocations    | 1 2 |  2.4
Short Blades   | 1 2 |  2.1
Long Blades    | 1 2 |  2.1
Axes           | 1 2 |  2.1
Maces & Flails | 1 2 |  2.1
Staves         | 1 2 |  2.1
Ranged Weapons | 1 2 |  2.1
Throwing       | 1 2 |  2.1
Dodging        | 1 2 |  2.1
Stealth        | 1 2 |  2.1
Unarmed Combat | 1 2 |  2.1
Spellcasting   | 1 2 |  2.1
Evocations     | 1 2 |  2.1
Conjurations   | 1 |  1.7
Hexes          | 1 |  1.7
Summonings     | 1 |  1.7
Necromancy     | 1 |  1.7
Translocations | 1 |  1.7
Transmutations | 1 |  1.7
Fire Magic     | 1 |  1.7
Ice Magic      | 1 |  1.7
Air Magic      | 1 |  1.7
Earth Magic    | 1 |  1.7
Poison Magic   | 1 |  1.7
Polearms       | 5 |  5.1
Fighting       | |  6.9
Armour         | |  6.9
Shields        | |  6.9

Action                   |  1- 3 |  4- 6 || total
-------------------------+-------+-------++-------
Melee: Trident           |    75 |   145 ||   220
       Bite              |     2 |    10 ||    12
Armor: Scale mail        |    14 |    25 ||    39
Dodge: Dodged            |    15 |    35 ||    50
Block: Buckler           |    15 |    23 ||    38

Levels and vault maps discovered:
D:1:      nagdon_arrival_zigzag_paths, layout_basic, nicolae_wormholes
D:2:      layout_loops_corners
D:3:      layout_basic, general_overflow_altar,
          shapermc_ecumenical_altar_mp_vishouse
D:4:      layout_basic, evilmike_ruin_ashenzari,
          lemuel_mausoleum_altar_kikubaaqudgha, nicolae_elyvilon_peaceful_grove,
          serial_shops, kennysheep_little_box, uniq_menkaure
Temple:   nicolae_temple_two_arcs

Notes
Turn   | Place    | Note
-------+----------+-------------------------------------------
     0 | D:1      | xzight the Gnoll Fighter began the quest for the Orb.
     0 | D:1      | Reached XP level 1. HP: 23/23 MP: 1/1
   275 | D:1      | Reached XP level 2. HP: 29/29 MP: 2/2
   609 | D:1      | Reached XP level 3. HP: 35/35 MP: 3/3
  1246 | D:2      | Reached skill level 1 in Invocations
  1677 | D:2      | Reached skill level 1 in Short Blades
  1677 | D:2      | Reached skill level 1 in Long Blades
  1677 | D:2      | Reached skill level 1 in Axes
  1677 | D:2      | Reached skill level 1 in Maces & Flails
  1677 | D:2      | Reached skill level 1 in Staves
  1677 | D:2      | Reached skill level 1 in Ranged Weapons
  1677 | D:2      | Reached skill level 1 in Throwing
  1677 | D:2      | Reached skill level 1 in Dodging
  1677 | D:2      | Reached skill level 1 in Stealth
  1677 | D:2      | Reached skill level 1 in Unarmed Combat
  1677 | D:2      | Reached skill level 1 in Spellcasting
  1677 | D:2      | Reached skill level 1 in Evocations
  1985 | D:3      | Found a hazy altar of Hepliaklqana.
  2052 | D:3      | Reached XP level 4. HP: 41/41 MP: 5/5
  2169 | D:3      | Found a faded altar of an unknown god.
  2382 | D:3      | Reached skill level 1 in Conjurations
  2382 | D:3      | Reached skill level 1 in Hexes
  2382 | D:3      | Reached skill level 1 in Summonings
  2382 | D:3      | Reached skill level 1 in Necromancy
  2382 | D:3      | Reached skill level 1 in Translocations
  2382 | D:3      | Reached skill level 1 in Transmutations
  2382 | D:3      | Reached skill level 1 in Fire Magic
  2382 | D:3      | Reached skill level 1 in Ice Magic
  2382 | D:3      | Reached skill level 1 in Air Magic
  2382 | D:3      | Reached skill level 1 in Earth Magic
  2382 | D:3      | Reached skill level 1 in Poison Magic
  3047 | D:3      | Reached XP level 5. HP: 47/47 MP: 5/7
  3517 | D:4      | Found a staircase to the Ecumenical Temple.
  3530 | D:4      | Found a white marble altar of Elyvilon.
  3546 | Temple   | Entered the Ecumenical Temple
  3803 | D:4      | Noticed Menkaure
  3827 | D:4      | Killed Menkaure
  3828 | D:4      | Reached skill level 5 in Polearms
  3828 | D:4      | Reached skill level 2 in Invocations
  3828 | D:4      | Reached XP level 6. HP: 6/53 MP: 8/8
  4124 | D:4      | Reached skill level 2 in Short Blades
  4124 | D:4      | Reached skill level 2 in Long Blades
  4124 | D:4      | Reached skill level 2 in Axes
  4124 | D:4      | Reached skill level 2 in Maces & Flails
  4124 | D:4      | Reached skill level 2 in Staves
  4124 | D:4      | Reached skill level 2 in Ranged Weapons
  4124 | D:4      | Reached skill level 2 in Throwing
  4124 | D:4      | Reached skill level 2 in Dodging
  4124 | D:4      | Reached skill level 2 in Stealth
  4124 | D:4      | Reached skill level 2 in Unarmed Combat
  4124 | D:4      | Reached skill level 2 in Spellcasting
  4124 | D:4      | Reached skill level 2 in Evocations
  4193 | D:4      | Found an ancient bone altar of Kikubaaqudgha.
  4308 | D:4      | Slain by a wight

Vanquished Creatures
  Menkaure (D:4)
  A necrophage (D:4)
  A human zombie (D:4)
  An orc wizard (D:3)
  A mummy (D:4)
  2 adders
  3 gnolls (D:3)
  An adder zombie (D:4)
  3 worms
  3 orcs (D:3)
  3 bats
  7 endoplasms
  A giant cockroach (D:1)
  8 goblins
  5 hobgoblins
  6 kobolds
  4 quokkas
  5 ball pythons
  A frilled lizard (D:2)
  5 rats
62 creatures vanquished.

Table legend: (Time is in decaauts)
 A = Elapsed time spent in this place.
 B = Non-inter-level travel time spent in this place.
 C = Inter-level travel time spent in this place.
 D = Time resting spent in this place.
 E = Time spent auto-exploring this place.
 F = Levels seen in this place.
 G = Mean time per level.
                   A        B        C        D        E       F      G
               +--------+--------+--------+--------+--------+-----+--------+
         Total |   4330 |   4230 |    100 |    440 |   3325 |   5 |  866.0 |
       Dungeon |   4212 |   4119 |     93 |    440 |   3218 |   4 | 1053.0 |
        Temple |    118 |    111 |      7 |      0 |    107 |   1 |  118.0 |
               +--------+--------+--------+--------+--------+-----+--------+

Top non-repeatable levels by time:
     D:3: 1542 daAuts
     D:1: 1183 daAuts
     D:2: 803 daAuts
     D:4: 683 daAuts
  Temple: 118 daAuts

Table legend:
 A = Non-vault XP
 B = Vault XP
 C = Vault XP percentage of total XP
 D = Non-vault monster count
 E = Vault monster count
 F = Vault count percentage of total count
                 A         B        C        D         E       F
            +---------+---------+-------+---------+---------+-------
      Total |     199 |     335 |  62.7 |      56 |       6 |   9.7
            +---------+---------+-------+---------+---------+-------
        D:1 |      41 |       5 |  10.9 |      24 |       1 |   4.0
        D:2 |      35 |       0 |   0.0 |      13 |       0 |   0.0
        D:3 |     121 |       0 |   0.0 |      18 |       0 |   0.0
        D:4 |       2 |     330 |  99.4 |       1 |       5 |  83.3
            +---------+---------+-------+---------+---------+-------
